[Event "WYCC U16 Girls 2019"]
[Site "Mumbai"]
[Date "2019.10.03"]
[Round "3.3"]
[White "Lakshmi C"]
[Black "Srdanovic, Jovana"]
[Result "1-0"]
[ECO "B83"]
[WhiteElo "1859"]
[BlackElo "2100"]
[Annotator "NA"]
[PlyCount "85"]
[EventDate "2019.10.02"]
[EventType "swiss"]
[EventCountry "IND"]
[SourceTitle "playchess.com"]
[Source "ChessBase"]
[SourceQuality "1"]
[WhiteTeam "India"]
[BlackTeam "Serbia"]
[WhiteTeamCountry "IND"]
[BlackTeamCountry "SRB"]
[TimeControl "40/5400+30:1800+30"]

1. e4 c5 2. Nf3 e6 3. d4 cxd4 4. Nxd4 Nc6 5. Nc3 d6 6. Be2 Nf6 7. O-O Be7 8. Be3 O-O 9. f4 a6 10. a4 Qc7 11. Nb3 b6 12. Bf3 Bb7 13. Qe2 Rac8 14. g4 Rfe8 15. g5 Nd7 16. Qg2 Bf8 17. f5 Nce5 18. f6 b5 19. axb5 axb5 20. Nd4 b4 21. Ncb5 Nxf3+ 22. Qxf3 Ne5 23. Qg2 Qd7 24. Bd2 d5 25. fxg7 Bc5 26. Bf4 Ng6 27. Be3 Bc6 28. Ra7 Bxa7 29. Nxa7 Rc7 30. Ndxc6 d4 31. Bxd4 Rxa7 32. Nxa7 Qxd4+ 33. Qf2 Qd7 34. Nc6 Kxg7 35. Nxb4 Re7 36. Nd3 Qb5 37. h4 Kg8 38. Qg3 Qb6+ 39. Kh2 Rc7 40. Rf2 Rc4 41. h5 Nf8 42. Ne5 Rc7 43. Ng4 1-0

[Event "WYCC U16 Girls 2019"]
[Site "Mumbai"]
[Date "2019.10.03"]
[Round "3.4"]
[White "Salonika, Saina"]
[Black "Nanditha V"]
[Result "1-0"]
[ECO "B23"]
[WhiteElo "2051"]
[BlackElo "1800"]
[Annotator "NA"]
[PlyCount "75"]
[EventDate "2019.10.02"]
[EventType "swiss"]
[EventCountry "IND"]
[SourceTitle "playchess.com"]
[Source "ChessBase"]
[SourceQuality "1"]
[WhiteTeam "India"]
[BlackTeam "India"]
[WhiteTeamCountry "IND"]
[BlackTeamCountry "IND"]
[TimeControl "40/5400+30:1800+30"]

1. e4 c5 2. Nc3 d6 3. f4 Nc6 4. Nf3 e6 5. Bb5 Bd7 6. O-O a6 7. Bxc6 Bxc6 8. d3 Nf6 9. Qe1 b5 10. e5 b4 11. exf6 bxc3 12. fxg7 Bxg7 13. bxc3 Qf6 14. Bd2 O-O 15. Nh4 h6 16. f5 e5 17. g4 Kh7 18. Qg3 Rg8 19. Kf2 Bf8 20. Ng2 Be7 21. h3 Qxf5+ 22. gxf5 Rxg3 23. Kxg3 Rg8+ 24. Kf2 Rxg2+ 25. Ke1 Bh4+ 26. Kd1 Bf3+ 27. Kc1 Be2 28. Rh1 Bf3 29. c4 e4 30. dxe4 Bxe4 31. Rf1 Bf2 32. Rb1 Bxf5 33. Rb6 Bxh3 34. Rxd6 Be3 35. Rh1 Rg1+ 36. Rxg1 Bxg1 37. Rxa6 h5 38. Be1 1-0

[Event "WYCC U16 Girls 2019"]
[Site "Mumbai"]
[Date "2019.10.03"]
[Round "3.5"]
[White "Skaslien, Ingrid"]
[Black "Beydullayeva, Govhar"]
[Result "0-1"]
[ECO "E48"]
[WhiteElo "1875"]
[BlackElo "2289"]
[Annotator "NA"]
[PlyCount "62"]
[EventDate "2019.10.02"]
[EventType "swiss"]
[EventCountry "IND"]
[SourceTitle "playchess.com"]
[Source "ChessBase"]
[SourceQuality "1"]
[WhiteTeam "Norway"]
[BlackTeam "Azerbaijan"]
[WhiteTeamCountry "NOR"]
[BlackTeamCountry "AZE"]
[TimeControl "40/5400+30:1800+30"]

1. d4 Nf6 2. c4 e6 3. Nc3 Bb4 4. e3 O-O 5. Bd3 d5 6. cxd5 exd5 7. Nge2 Re8 8. Bd2 c6 9. O-O Bd6 10. Qc2 Nbd7 11. Rac1 Nf8 12. Nf4 Bd7 13. f3 Rc8 14. Qb1 Bxf4 15. exf4 Qb6 16. Be1 Qxd4+ 17. Bf2 Qxf4 18. Bxa7 c5 19. Kh1 Ne6 20. b3 Qb4 21. Na4 Bxa4 22. bxa4 Qd2 23. Bf5 c4 24. Bf2 Qa5 25. Rfe1 Qa6 26. Qb4 Ra8 27. Bc2 d4 28. Bf5 Qxa4 29. Qxc4 Qxc4 30. Rxc4 Rxa2 31. Bxe6 Rxf2 0-1

[Event "WYCC U16 Girls 2019"]
[Site "Mumbai"]
[Date "2019.10.03"]
[Round "3.6"]
[White "Mrudul Dehankar"]
[Black "Jarocka, Liwia"]
[Result "1/2-1/2"]
[ECO "B66"]
[WhiteElo "2227"]
[BlackElo "1899"]
[Annotator "NA"]
[PlyCount "127"]
[EventDate "2019.10.02"]
[EventType "swiss"]
[EventCountry "IND"]
[SourceTitle "playchess.com"]
[Source "ChessBase"]
[SourceQuality "1"]
[WhiteTeam "India"]
[BlackTeam "Poland"]
[WhiteTeamCountry "IND"]
[BlackTeamCountry "POL"]
[TimeControl "40/5400+30:1800+30"]

1. e4 c5 2. Nf3 Nc6 3. d4 cxd4 4. Nxd4 Nf6 5. Nc3 d6 6. Bg5 e6 7. Qd2 a6 8. O-O-O h6 9. Bf4 Bd7 10. Nxc6 Bxc6 11. f3 d5 12. Qe1 Bb4 13. a3 Bxc3 14. Qxc3 O-O 15. Qe1 Qe7 16. Bd3 dxe4 17. fxe4 e5 18. Bd2 Rfd8 19. Rf1 Rac8 20. Kb1 Qe6 21. Rf3 Nd7 22. Qe2 b5 23. Rdf1 Nc5 24. Rxf7 Nxd3 25. cxd3 b4 26. Bxb4 Bb5 27. R7f3 Qb3 28. Rd1 Bc4 29. Bc3 Be6 30. Kc1 Bg4 31. Qd2 Bxf3 32. gxf3 Rc6 33. Qc2 Qf7 34. Rf1 Qf4+ 35. Kb1 Kh8 36. Qe2 Rb8 37. Ka1 Rb5 38. Rg1 Qf8 39. Qd2 Qxf3 40. d4 Rd6 41. d5 Qxe4 42. Qf2 Rg6 43. Re1 Qxd5 44. Bxe5 Kh7 45. h4 Qg2 46. Qf7 Qd5 47. Qf2 Qg2 48. Qf7 Qg4 49. Bc3 Qxh4 50. Rf1 Rbg5 51. Bf6 Rxf6 52. Rf3 Rff5 53. Rxf5 Rg3 54. Rf6 Rg1+ 55. Rf1 Rxf1+ {[%emt 0:00:50] Qf6 Rf2 Qxf2 Qf6 Qe2 g6} 56. Ka2 h5 57. b4 {[%emt 0:03:11] h4 Qe3 Qd6} Qe4 {[%emt 0:04:55] Qg3} 58. Qe7 Kh6 59. Qf8 Kg5 60. Qe7+ Kf4 61. a4 Qg2+ 62. Kb3 {[%emt 0:00:29] h3 Qf6+ Ke3 Qe5+} Kf3 {[%emt 0:00:57] Qd5+ Kf2 Qd2+ Kg1} 63. Qe1 {[%emt 0:00:00] Kh2 b5 axb5 axb5 Qd5+ Kb4 Qd4+ Ka5 Qa7+ Kb4 Qd4+ Ka5 Kg2} Qe2 {[%emt 0:00:54] Kg3 Qe1+} 64. Qf2+ {[%emt 0:00:55] Qe5+ Kh4 Qe4+ Kh5} 1/2-1/2

[Event "WYCC U16 Girls 2019"]
[Site "Mumbai"]
[Date "2019.10.03"]
[Round "3.7"]
[White "Bulatova, Kamaliya"]
[Black "Savitha Shri B"]
[Result "1-0"]
[ECO "C06"]
[WhiteElo "2181"]
[BlackElo "1916"]
[Annotator "NA"]
[PlyCount "80"]
[EventDate "2019.10.02"]
[EventType "swiss"]
[EventCountry "IND"]
[SourceTitle "playchess.com"]
[Source "ChessBase"]
[SourceQuality "1"]
[WhiteTeam "Russia"]
[BlackTeam "India"]
[WhiteTeamCountry "RUS"]
[BlackTeamCountry "IND"]
[TimeControl "40/5400+30:1800+30"]

1. e4 e6 2. d4 d5 3. Nd2 Nf6 4. e5 Nfd7 5. Bd3 c5 6. c3 Nc6 7. Ne2 cxd4 8. cxd4 f6 9. exf6 Nxf6 10. Nf3 Bd6 11. O-O O-O 12. Bf4 Bxf4 13. Nxf4 Ne4 14. Qc1 Qd6 15. Ne2 e5 16. dxe5 Nxe5 17. Nxe5 Qxe5 18. Bxe4 dxe4 19. Nc3 Bd7 20. Qe3 Bc6 21. f3 Rae8 22. fxe4 a6 23. Rae1 b5 24. Qb6 Rxf1+ 25. Rxf1 Bxe4 26. Re1 Qf4 27. Nxe4 Rxe4 28. Qd8+ Kf7 29. Qd5+ Kf8 30. Qxe4 Qxe4 31. Rxe4 Kf7 32. a4 bxa4 33. Rxa4 Kg6 34. Rxa6+ Kh5 35. Ra7 Kh4 36. Rxg7 h5 37. Rh7 Kg4 38. b4 Kh4 39. b5 Kg4 40. b6 Kh4 1-0

[Event "WYCC U16 Girls 2019"]
[Site "Mumbai"]
[Date "2019.10.03"]
[Round "3.8"]
[White "Mahdian, Anousha"]
[Black "Zhang, Cindy"]
[Result "1-0"]
[ECO "B31"]
[WhiteElo "2103"]
[BlackElo "1808"]
[Annotator "NA"]
[PlyCount "87"]
[EventDate "2019.10.02"]
[EventType "swiss"]
[EventCountry "IND"]
[SourceTitle "playchess.com"]
[Source "ChessBase"]
[SourceQuality "1"]
[WhiteTeam "Iran"]
[BlackTeam "United States"]
[WhiteTeamCountry "IRI"]
[BlackTeamCountry "USA"]
[TimeControl "40/5400+30:1800+30"]

1. e4 c5 2. Nf3 Nc6 3. Bb5 g6 4. Bxc6 dxc6 5. d3 Bg7 6. h3 Nf6 7. O-O Nd7 8. Nc3 e5 9. Be3 b6 10. Qd2 h6 11. a4 a5 12. Nh2 g5 13. Ne2 Nf8 14. Ng3 Ng6 15. Nh5 O-O 16. Ng4 Nf4 17. Nxg7 Bxg4 18. Bxf4 gxf4 19. hxg4 Kxg7 20. Qe2 Ra7 21. g3 Qg5 22. Kg2 fxg3 23. fxg3 f6 24. Rf5 Qg6 25. Rh1 Rd7 26. b3 Rd6 27. Qf3 Rfd8 28. Rfh5 Rh8 29. R1h4 Rdd8 30. Rh3 Rd4 31. R3h4 Rdd8 32. Rf5 Rd6 33. Rh2 Rdd8 34. Rfh5 Rd4 35. Qf5 Rd6 36. R2h4 Kf7 37. Kf3 Kg7 38. Rh2 Kf7 39. Rh1 Kg7 40. R1h3 Kf7 41. g5 Qxf5+ 42. exf5 fxg5 43. Rxg5 b5 44. Rgh5 1-0

[Event "WYCC U16 Girls 2019"]
[Site "Mumbai"]
[Date "2019.10.03"]
[Round "3.9"]
[White "Ciolacu, Alessia-Mihaela"]
[Black "Bristy Mukherjee"]
[Result "0-1"]
[ECO "B12"]
[WhiteElo "2095"]
[BlackElo "1852"]
[Annotator "NA"]
[PlyCount "76"]
[EventDate "2019.10.02"]
[EventType "swiss"]
[EventCountry "IND"]
[SourceTitle "playchess.com"]
[Source "ChessBase"]
[SourceQuality "1"]
[WhiteTeam "Romania"]
[BlackTeam "India"]
[WhiteTeamCountry "ROU"]
[BlackTeamCountry "IND"]
[TimeControl "40/5400+30:1800+30"]

1. e4 c6 2. d4 d5 3. e5 c5 4. c3 cxd4 5. cxd4 Nc6 6. Be3 Bf5 7. Nc3 e6 8. Bd3 Bxd3 9. Qxd3 Nge7 10. Nge2 Nf5 11. O-O Be7 12. f4 O-O 13. Bf2 h5 14. b3 Rc8 15. a3 Na5 16. Na4 b6 17. Ng3 Nxg3 18. Bxg3 g6 19. Be1 Nc6 20. Bd2 b5 21. Nc5 Nxd4 22. b4 Nf5 23. Qxb5 Bxc5+ 24. bxc5 Qc7 25. Rfc1 Qc6 26. a4 d4 27. Rab1 Qe4 28. Re1 Qc2 29. Qb4 Rb8 30. Rbc1 Qa2 31. Ra1 Qd5 32. Qa3 d3 33. g3 Rb3 34. Qa2 Qd4+ 35. Kh1 Rb2 36. Qa3 Rxd2 37. Rf1 Qe4+ 38. Kg1 Qg2# 0-1

[Event "WYCC U16 Girls 2019"]
[Site "Mumbai"]
[Date "2019.10.03"]
[Round "3.10"]
[White "Dahampriya, H K T Dewnethmie"]
[Black "Zhang, Xiao"]
[Result "1/2-1/2"]
[ECO "A80"]
[WhiteElo "1629"]
[BlackElo "2053"]
[Annotator "NA"]
[PlyCount "69"]
[EventDate "2019.10.02"]
[EventType "swiss"]
[EventCountry "IND"]
[SourceTitle "playchess.com"]
[Source "ChessBase"]
[SourceQuality "1"]
[WhiteTeam "Sri Lanka"]
[BlackTeam "China"]
[WhiteTeamCountry "SRI"]
[BlackTeamCountry "CHN"]
[TimeControl "40/5400+30:1800+30"]

1. d4 f5 2. Nc3 Nf6 3. Bg5 d5 4. Bxf6 exf6 5. e3 Be6 6. Bd3 c6 7. Qf3 Qd7 8. Nge2 Bd6 9. Nf4 Bf7 10. h3 h5 11. h4 g6 12. Qe2 Qe7 13. g3 Nd7 14. Na4 Bc7 15. a3 a5 16. c4 Bxf4 17. gxf4 dxc4 18. Bxc4 Bxc4 19. Qxc4 Qe4 20. Ke2 b5 21. f3 bxc4 22. fxe4 fxe4 23. Rhc1 Rb8 24. Rxc4 Nb6 25. Nxb6 Rxb6 26. b4 Kd7 27. Kd2 Ra8 28. Kc3 Kd6 29. Kb3 Rab8 30. Rg1 Rg8 31. Rc5 axb4 32. axb4 Rgb8 33. Rc4 Rg8 34. Rc5 Rgb8 35. Rc4 1/2-1/2

[Event "WYCC U16 Girls 2019"]
[Site "Mumbai"]
[Date "2019.10.03"]
[Round "3.11"]
[White "Jain Nityata"]
[Black "Achaya Vijayan"]
[Result "1-0"]
[ECO "A28"]
[WhiteElo "2029"]
[BlackElo "1585"]
[Annotator "NA"]
[PlyCount "59"]
[EventDate "2019.10.02"]
[EventType "swiss"]
[EventCountry "IND"]
[SourceTitle "playchess.com"]
[Source "ChessBase"]
[SourceQuality "1"]
[WhiteTeam "India"]
[BlackTeam "India"]
[WhiteTeamCountry "IND"]
[BlackTeamCountry "IND"]
[TimeControl "40/5400+30:1800+30"]

1. c4 e5 2. Nc3 Nf6 3. Nf3 Nc6 4. e3 Bb4 5. Qc2 O-O 6. Nd5 Bc5 7. a3 a5 8. Ng5 g6 9. Nxf6+ Qxf6 10. Ne4 Qe7 11. Nxc5 Qxc5 12. b3 b6 13. Bb2 d5 14. Rc1 Bb7 15. Be2 d4 16. Bf3 Rfe8 17. O-O Rad8 18. Bd5 Ba6 19. Qe4 Nb8 20. exd4 exd4 21. Qf4 Rd7 22. Bxd4 Qd6 23. Qh6 Qf8 24. Qg5 Qd6 25. Rce1 Red8 26. Be5 Qe7 27. Bf6 Qd6 28. Bxd8 Rxd8 29. Qe7 Kg7 30. Qxf7+ 1-0

[Event "WYCC U16 Girls 2019"]
[Site "Mumbai"]
[Date "2019.10.03"]
[Round "3.12"]
[White "Djidjeli, Sarah"]
[Black "Upase Riddhi"]
[Result "1/2-1/2"]
[ECO "E10"]
[WhiteElo "2017"]
[BlackElo "1343"]
[Annotator "NA"]
[PlyCount "202"]
[EventDate "2019.10.02"]
[EventType "swiss"]
[EventCountry "IND"]
[SourceTitle "playchess.com"]
[Source "ChessBase"]
[SourceQuality "1"]
[WhiteTeam "France"]
[BlackTeam "India"]
[WhiteTeamCountry "FRA"]
[BlackTeamCountry "IND"]
[TimeControl "40/5400+30:1800+30"]

1. d4 Nf6 2. c4 e6 3. Nf3 d5 4. g3 c6 5. Bg2 Nbd7 6. O-O Bd6 7. Qc2 O-O 8. Nbd2 b6 9. e4 dxe4 10. Ng5 Be7 11. Ngxe4 Bb7 12. b3 Qc7 13. Bb2 Rfd8 14. Rad1 Rac8 15. Rfe1 Ba8 16. a3 a5 17. c5 b5 18. Nf3 Nd5 19. Neg5 Nf8 20. Bh3 Bf6 21. Ne4 Be7 22. Qe2 Re8 23. Ne5 f5 24. Nc3 Nxc3 25. Bxc3 Bb7 26. Qf3 Bf6 27. Bd2 Ng6 28. Bf4 Nxf4 29. Qxf4 Rcd8 30. Bg2 Re7 31. Qd2 Bxe5 32. Rxe5 Bc8 33. Qe3 Rde8 34. f4 Kf8 35. Re1 Qd7 36. Bf3 Ba6 37. Qc3 Bb7 38. Rd1 Qc7 39. Qe1 Bc8 40. Qe2 Bd7 41. Qg2 Rd8 42. Qh3 Kg8 43. Kf2 Rf8 44. Qf1 Ref7 45. Qe1 Rf6 46. Ra1 Rb8 47. b4 a4 48. Rd1 Rd8 49. Qh1 Qc8 50. Rd2 Be8 51. Qe1 Bf7 52. Ke3 Qd7 53. Qh1 Be8 54. Bd1 Rh6 55. Bc2 Qf7 56. Bb1 Bd7 57. Ba2 Rf6 58. Kd3 Re8 59. Kc3 Qf8 60. Rde2 Qf7 61. Qe1 Kf8 62. Qf1 Qh5 63. Qg2 g5 64. g4 Qxg4 65. Qxg4 fxg4 66. fxg5 Rf3+ 67. Kb2 Kf7 68. R5e4 g3 69. Rh4 Kg8 70. hxg3 Rxg3 71. Reh2 Rxg5 72. Rxh7 Rg2+ 73. Rxg2+ Kxh7 74. Bb1+ Kh8 75. Rh2+ Kg8 76. Rh7 Rd8 77. Kc3 Kf8 78. Ba2 e5 79. Rf7+ Ke8 80. dxe5 Bh3 81. Rf6 Bg2 82. Rd6 Ke7 83. Kd4 Rh8 84. e6 Rh4+ 85. Kc3 Be4 86. Rd7+ Ke8 87. Rd2 Bf5 88. Rf2 Bh7 89. Kb2 Be4 90. Bb1 Bxb1 91. Kxb1 Re4 92. Kc2 Re3 93. Kb2 Ke7 94. Rd2 Rxe6 95. Kc3 Re3+ 96. Rd3 Re4 97. Rd6 Re3+ 98. Rd3 Re4 99. Rd6 Re6 100. Rxe6+ Kxe6 101. Kd4 Kf5 {[%emt 0:00:03] Ke4+ Ke5+} 1/2-1/2

[Event "WYCC U16 Girls 2019"]
[Site "Mumbai"]
[Date "2019.10.04"]
[Round "4.1"]
[White "Lakshmi C"]
[Black "Garifullina, Leya"]
[Result "*"]
[ECO "C95"]
[WhiteElo "1859"]
[BlackElo "2330"]
[Annotator "NA"]
[PlyCount "26"]
[EventDate "2019.10.02"]
[EventType "swiss"]
[EventCountry "IND"]
[SourceTitle "playchess.com"]
[Source "ChessBase"]
[SourceQuality "1"]
[TimeControl "40/5400+30:1800+30"]

1. e4 e5 2. Nf3 Nc6 3. Bb5 a6 4. Ba4 Nf6 5. O-O b5 6. Bb3 Be7 7. Re1 d6 8. c3 O-O 9. h3 Nb8 10. d4 Nbd7 11. Nbd2 Bb7 12. Bc2 Re8 13. Nf1 Bf8 *

[Event "WYCC U16 Girls 2019"]
[Site "Mumbai"]
[Date "2019.10.04"]
[Round "4.2"]
[White "Nurgali, Nazerke"]
[Black "Salonika, Saina"]
[Result "*"]
[ECO "A46"]
[WhiteElo "2194"]
[BlackElo "2051"]
[Annotator "NA"]
[PlyCount "22"]
[EventDate "2019.10.02"]
[EventType "swiss"]
[EventCountry "IND"]
[SourceTitle "playchess.com"]
[Source "ChessBase"]
[SourceQuality "1"]
[TimeControl "40/5400+30:1800+30"]

1. d4 Nf6 2. Nf3 e6 3. a3 Nc6 4. e3 d5 5. b3 Bd7 6. Bb2 Bd6 7. Bd3 O-O 8. Nbd2 a6 9. O-O b5 10. Ne5 Rb8 11. f4 Ne7 *

[Event "WYCC U16 Girls 2019"]
[Site "Mumbai"]
[Date "2019.10.04"]
[Round "4.3"]
[White "Beydullayeva, Govhar"]
[Black "Jain Nityata"]
[Result "*"]
[ECO "A05"]
[WhiteElo "2289"]
[BlackElo "2029"]
[Annotator "NA"]
[PlyCount "20"]
[EventDate "2019.10.02"]
[EventType "swiss"]
[EventCountry "IND"]
[SourceTitle "playchess.com"]
[Source "ChessBase"]
[SourceQuality "1"]
[TimeControl "40/5400+30:1800+30"]

1. Nf3 Nf6 2. c4 g6 3. Nc3 d5 4. cxd5 Nxd5 5. Qb3 Nb6 6. d4 Bg7 7. Bf4 O-O 8. Rd1 Nc6 9. e3 Bg4 10. Be2 e5 *

[Event "WYCC U16 Girls 2019"]
[Site "Mumbai"]
[Date "2019.10.04"]
[Round "4.4"]
[White "Demchenko, Svitlana"]
[Black "Mahdian, Anousha"]
[Result "*"]
[ECO "C00"]
[WhiteElo "1953"]
[BlackElo "2103"]
[Annotator "NA"]
[PlyCount "20"]
[EventDate "2019.10.02"]
[EventType "swiss"]
[EventCountry "IND"]
[SourceTitle "playchess.com"]
[Source "ChessBase"]
[SourceQuality "1"]
[TimeControl "40/5400+30:1800+30"]

1. e4 e6 2. Nf3 d5 3. exd5 exd5 4. Ne5 Nf6 5. d4 g6 6. Bd3 Bg7 7. O-O O-O 8. Be3 Nc6 9. Qd2 Nxe5 10. dxe5 Ne4 *

[Event "WYCC U16 Girls 2019"]
[Site "Mumbai"]
[Date "2019.10.04"]
[Round "4.6"]
[White "Bristy Mukherjee"]
[Black "Mrudul Dehankar"]
[Result "*"]
[ECO "B23"]
[WhiteElo "1852"]
[BlackElo "2227"]
[Annotator "NA"]
[PlyCount "33"]
[EventDate "2019.10.02"]
[EventType "swiss"]
[EventCountry "IND"]
[SourceTitle "playchess.com"]
[Source "ChessBase"]
[SourceQuality "1"]
[TimeControl "40/5400+30:1800+30"]

1. e4 c5 2. Nc3 Nc6 3. f4 g6 4. Nf3 Bg7 5. Bb5 Nd4 6. O-O Nxb5 7. Nxb5 d5 8. exd5 a6 9. Nc3 Nf6 10. d4 c4 11. Ne5 Ne4 12. Nxc4 Nxc3 13. bxc3 Qc7 14. Ne5 Qxc3 15. Rb1 O-O 16. Qe2 Qc7 17. Ba3 *

[Event "WYCC U16 Girls 2019"]
[Site "Mumbai"]
[Date "2019.10.05"]
[Round "5.3"]
[White "Mrudul Dehankar"]
[Black "Bommini Mounika Akshaya"]
[Result "*"]
[ECO "C11"]
[WhiteElo "2227"]
[BlackElo "2017"]
[Annotator "ChessBase"]
[PlyCount "29"]
[EventDate "2019.10.02"]
[EventType "swiss"]
[EventCountry "IND"]
[SourceTitle "playchess.com"]
[Source "ChessBase"]
[SourceQuality "1"]
[TimeControl "5400+30"]

1. e4 e6 2. Nf3 d5 3. Nc3 Nf6 4. e5 Nfd7 5. d4 c5 6. dxc5 Nxc5 7. Bf4 a6 8. a3 Nc6 9. h4 b5 10. Be2 Be7 11. Rh3 Bb7 12. Kf1 Qc7 13. Nd4 Nxe5 14. Re3 Ne4 15. Qe1 *

[Event "WYCC U16 Girls 2019"]
[Site "Mumbai"]
[Date "2019.10.05"]
[Round "5.5"]
[White "Ciolacu, Alessia-Mihaela"]
[Black "Lakshmi C"]
[Result "*"]
[ECO "E91"]
[WhiteElo "2095"]
[BlackElo "1859"]
[Annotator "NA"]
[PlyCount "41"]
[EventDate "2019.10.02"]
[EventType "swiss"]
[EventCountry "IND"]
[SourceTitle "playchess.com"]
[Source "ChessBase"]
[SourceQuality "1"]
[TimeControl "5400+30"]

1. d4 Nf6 2. Nf3 g6 3. c4 Bg7 4. Nc3 O-O 5. e4 d6 6. Be2 Nc6 7. d5 Nb8 8. h3 Nbd7 9. Be3 e5 10. g4 Qe7 {[%emt 0:14:12] [#]} 11. Nd2 $1 Ne8 12. h4 h6 13. Nf1 a5 14. Ng3 Nc5 15. Qd2 Kh7 16. O-O-O a4 17. Kb1 Bd7 $18 18. Rdg1 c6 19. Rd1 b6 20. dxc6 Bxc6 21. Nd5 *

[Event "WYCC U16 Girls 2019"]
[Site "Mumbai"]
[Date "2019.10.05"]
[Round "5.5"]
[White "Ciolacu, Alessia-Mihaela"]
[Black "Lakshmi, C."]
[Result "1-0"]
[ECO "E91"]
[WhiteElo "2095"]
[BlackElo "1859"]
[Annotator "NA RC"]
[PlyCount "81"]
[EventDate "2019.10.02"]
[EventType "swiss"]
[EventCountry "IND"]
[SourceTitle "playchess.com"]
[Source "ChessBase"]
[SourceQuality "1"]
[TimeControl "5400+30"]

1. d4 Nf6 2. Nf3 g6 3. c4 Bg7 4. Nc3 O-O 5. e4 d6 6. Be2 Nc6 7. d5 Nb8 8. h3 Nbd7 9. Be3 e5 10. g4 Qe7 {[%emt 0:14:12] [#]} 11. Nd2 $1 Ne8 12. h4 h6 13. Nf1 a5 14. Ng3 Nc5 15. Qd2 Kh7 16. O-O-O a4 17. Kb1 Bd7 $18 18. Rdg1 c6 19. Rd1 b6 20. dxc6 Bxc6 21. Nd5 Qa7 22. h5 g5 23. Nf5 f6 24. f3 Bd7 25. Nc3 Bxf5 26. exf5 Rd8 27. Qd5 Rf7 28. Rd2 Rfd7 29. Rhd1 Qa5 30. Ne4 Nc7 31. Qc6 Nb3 32. Rxd6 Rxd6 33. Nxd6 Na8 34. Qb7 Qb4 35. Ne4 Rxd1+ 36. Bxd1 Qf8 37. axb3 Qd8 38. Bc2 axb3 39. Bxb3 Nc7 40. Bxb6 Qd3+ 41. Ka2 1-0

[Event "WYCC U16 Girls 2019"]
[Site "Mumbai"]
[Date "2019.10.05"]
[Round "5.6"]
[White "Juhasz, Judit"]
[Black "Zhang, Xiao"]
[Result "1-0"]
[ECO "B12"]
[WhiteElo "2004"]
[BlackElo "2053"]
[Annotator "NA RC"]
[PlyCount "55"]
[EventDate "2019.10.02"]
[EventType "swiss"]
[EventCountry "IND"]
[SourceTitle "playchess.com"]
[Source "ChessBase"]
[SourceQuality "1"]
[TimeControl "5400+30"]

1. e4 c6 2. d4 d5 3. e5 Bf5 4. h4 h5 5. Bd3 Bxd3 6. Qxd3 e6 7. Bg5 {[%emt 0:00:12] B12: Caro-Kann: Advance Variation} Qb6 (7... Be7 8. Nf3 Nh6 9. Nbd2 Nf5 10. Nf1 Qa5+ 11. c3 Qa6 12. Qd2 Nd7 13. Ng3 Nxg3 14. fxg3 f6 {½-½ (72) Inarkiev,E (2693)-Tomashevsky,E (2705) St Petersburg 2018}) 8. Nd2 Qa6 9. c4 Bb4 10. b3 c5 11. dxc5 Nd7 $146 ({Predecessor:} 11... Nc6 12. Ngf3 Nge7 13. Bxe7 Nxe7 14. O-O Bxc5 {0-1 (56) Jose Abril,R (2337)-Grigoryan,K (2582) Badalona 2015}) 12. Ngf3 Nxc5 13. Qe2 {[%emt 0:02:47] [#]} (13. Qe3 $16) 13... Nxb3 $1 14. Rb1 {[%emt 0:09:14] Pin} Bxd2+ 15. Bxd2 Qxa2 16. O-O O-O-O 17. cxd5 Nxd2 18. Rfc1+ Kb8 19. Rxb7+ Ka8 20. Nxd2 Rxd5 21. Rcb1 Nh6 22. R7b2 Qa4 23. Nc4 Qc6 {[%emt 0:01:07] [#]} 24. Nb6+ {[%emt 0:00:38] Double Attack} axb6 25. Qa6+ Kb8 26. Rxb6+ Qxb6 27. Rxb6+ Kc7 28. Rb7+ 1-0

[Event "WYCC U16 Girls 2019"]
[Site "Mumbai"]
[Date "2019.10.05"]
[Round "5.7"]
[White "Salonika, Saina"]
[Black "Noshin, Anjum"]
[Result "1-0"]
[ECO "C77"]
[WhiteElo "2051"]
[BlackElo "1793"]
[Annotator "NA RC"]
[PlyCount "67"]
[EventDate "2019.10.02"]
[EventType "swiss"]
[EventCountry "IND"]
[SourceTitle "playchess.com"]
[Source "ChessBase"]
[SourceQuality "1"]
[TimeControl "5400+30"]

1. e4 e5 2. Nf3 Nc6 3. Bb5 a6 4. Ba4 Nf6 5. d3 b5 6. Bb3 Bc5 7. O-O d6 8. c3 O-O 9. Bg5 h6 10. Bh4 Bb6 11. d4 Bb7 12. Bd5 (12. d5 $11 {remains equal.} Na5 13. Bc2) 12... Re8 (12... g5 $17 13. Nxg5 Nxd5 14. exd5 hxg5 15. dxc6 Bxc6) 13. a4 Qe7 14. Na3 (14. Bxf6 $11 Qxf6 15. axb5 axb5 16. Rxa8 Bxa8 17. Qd3) 14... g5 15. Nxg5 hxg5 (15... Nxd5 $17 16. Nf3 Nf6 17. axb5 axb5) 16. Bxg5 $11 Nd8 17. Bxb7 Nxb7 18. Qf3 Kg7 19. Nc2 c6 20. Ne3 Qe6 21. d5 cxd5 22. Bxf6+ Qxf6 23. Qxf6+ Kxf6 24. Nxd5+ Ke6 25. Nxb6 Rab8 26. axb5 axb5 27. b4 Nd8 28. Nd5 Rb7 29. f4 f5 30. fxe5 fxe4 31. Nf6 Rf8 32. Ra6 e3 33. Rxd6+ Kxe5 34. Rd3 {[%emt 0:00:10] Kd5} 1-0

[Event "WYCC U16 Girls 2019"]
[Site "Mumbai"]
[Date "2019.10.05"]
[Round "5.8"]
[White "Mehendi, Sil"]
[Black "Greeshma, Anand Dhumal"]
[Result "1-0"]
[ECO "D10"]
[WhiteElo "1812"]
[BlackElo "1990"]
[Annotator "NA RC"]
[PlyCount "85"]
[EventDate "2019.10.02"]
[EventType "swiss"]
[EventCountry "IND"]
[SourceTitle "playchess.com"]
[Source "ChessBase"]
[SourceQuality "1"]
[TimeControl "5400+30"]

1. d4 d5 2. c4 c6 3. cxd5 cxd5 4. Bf4 Nc6 5. Nc3 a6 6. e3 Nf6 7. Nf3 e6 8. Be2 Bd6 9. Bxd6 Qxd6 10. O-O O-O 11. a3 b5 12. Rc1 Na5 13. Ne5 Nc4 14. Bxc4 dxc4 15. a4 Bb7 16. f3 Nd5 17. Nxd5 (17. Qd2 $11 {remains equal.}) 17... exd5 $17 18. b3 f6 19. Ng4 Rfc8 20. bxc4 dxc4 21. e4 Rd8 22. d5 f5 23. Nf2 Rac8 24. Qd4 Bc6 25. Qb6 Be8 26. Qxd6 Rxd6 27. axb5 axb5 28. Rfd1 Rcd8 29. Rd4 Kf8 30. Rcd1 Bc6 31. dxc6 Rxd4 32. Rxd4 Rc8 33. Rd5 b4 34. Rxf5+ Ke7 35. Rc5 c3 36. Rc4 Kd6 37. Nd3 Rxc6 38. Rxc6+ Kxc6 39. Nxb4+ Kb5 40. Nc2 Kc4 41. Kf2 Kd3 42. Ne1+ Kd2 43. e5 1-0

[Event "WYCC U16 Girls 2019"]
[Site "Mumbai"]
[Date "2019.10.05"]
[Round "5.8"]
[White "Mehendi Sil"]
[Black "Greeshma Anand Dhumal"]
[Result "*"]
[ECO "D10"]
[WhiteElo "1812"]
[BlackElo "1990"]
[Annotator "NA"]
[PlyCount "39"]
[EventDate "2019.10.02"]
[EventType "swiss"]
[EventCountry "IND"]
[SourceTitle "playchess.com"]
[Source "ChessBase"]
[SourceQuality "1"]
[TimeControl "5400+30"]

1. d4 d5 2. c4 c6 3. cxd5 cxd5 4. Bf4 Nc6 5. Nc3 a6 6. e3 Nf6 7. Nf3 e6 8. Be2 Bd6 9. Bxd6 Qxd6 10. O-O O-O 11. a3 b5 12. Rc1 Na5 13. Ne5 Nc4 14. Bxc4 dxc4 15. a4 Bb7 16. f3 Nd5 17. Nxd5 (17. Qd2 $11 {remains equal.}) 17... exd5 $17 18. b3 f6 19. Ng4 Rfc8 20. bxc4 *